Map: King's Cove LE

Players

Mez

  • Race: Terran Terran
  • League: Master
  • Spawn Location: 11:00

A.I. 1 (Very Easy) - Winner!

  • Race: Terran Terran
  • Spawn Location: 5:00

VOD

Have the link to the VOD?

Description

Time

  • Played on: Aug. 15, 2019, 6:58 a.m.
  • Length: 6:29
Show
View Real Time Build Order
Export as new Build Order

Mez Terran 

Build Orders:  

Get SALT Encoding   

  12  0:02  SCV  
  13  0:14  SCV  
  13  0:18  Supply Depot  
  14  0:26  SCV  
  15  0:40  SCV  
  16  0:43  Barracks  
  16  0:52  SCV  
  18  1:04  SCV  
  18  1:16  SCV  
  19  1:21  Command Center  
  19  1:31  Marine  
  19  1:32  Orbital Command  
  20  1:40  Refinery  
  20  1:42  Refinery  
  20  1:50  Marine  
  21  1:55  Supply Depot  
  21  2:01  SCV  
  21  2:05  Bunker  
  22  2:14  SCV  
  23  2:19  Marine  
  24  2:26  SCV  
  24  2:28  Factory  
  25  2:38  Orbital Command  
  25  2:43  SCV  
  26  2:46  Barracks Reactor  
  26  2:55  SCV  
  27  3:05  SCV  
  28  3:07  SCV  
  29  3:14  Widow Mine  
  29  3:15  Starport  
  29  3:19  SCV x2  
  33  3:25  Marine x2  
  35  3:31  SCV x2  
  37  3:36  Widow Mine  
  37  3:41  Command Center  
  39  3:44  SCV x2  
  39  3:46  Marine  
  39  3:47  Marine  
  43  3:54  Starport Tech Lab  
  43  3:58  SCV x2, Factory Tech Lab  
  45  4:03  Refinery  
  45  4:05  Marine  
  46  4:52  SCV x2, Marine  
Show
View Real Time Build Order
Export as new Build Order

A.I. 1 (Very Easy) Terran - Winner!

Build Orders:  

Get SALT Encoding   

  12  0:00  SCV  
  13  0:13  SCV  
  14  0:19  Supply Depot  
  14  0:38  Refinery  
  14  0:43  Barracks  
  14  1:07  Supply Depot  
  14  1:17  SCV  
  15  1:29  SCV  
  15  1:31  Marine  
  17  1:41  SCV  
  18  1:49  Reaper  
  18  1:53  SCV  
  20  2:05  SCV  
  21  2:17  SCV  
  22  2:29  Orbital Command  
  22  4:27  SCV, Marine  
  22  4:28  Refinery  
  24  4:31  Factory  
  24  4:34  Supply Depot  
  24  4:56  SCV  
  25  5:00  Supply Depot  
  25  5:04  Marine  
  26  5:08  SCV  
  27  5:17  Starport  
  27  5:20  SCV  
  28  5:32  SCV  
  29  5:40  Marine  
  28  5:45  SCV  
  29  5:54  Starport Tech Lab  
  29  5:58  Barracks Tech Lab  
  29  6:16  Command Center  
Tags
 
League
Master
Matchup
TvT
Race
Terran
Spawn Locations
Cross Positions
Add a new tag
Caveats
  • Supply blocks, unpowered buildings, or Contaminate may cause inaccurate times.
  • Supply counts are checked every 10 seconds.